[Event "Early-Titled-Tuesday-Blitz-October-24-2023"]
[Site "Chess.com"]
[Date "2023.10.24"]
[Round "8"]
[White "HajiyevKanan"]
[Black "Noki102"]
[Result "0-1"]
[WhiteElo "2551"]
[BlackElo "2438"]
[TimeControl "180+1"]
[EndTime "9:23:07 PDT"]
[Termination "Noki102 won by resignation"]

1. d4 d5 2. Nf3 Nf6 3. c4 e6 4.
cxd5 exd5 5. Nc3 Be7 6. Bf4 O-O 7. Qc2 Nc6 8. e3 Nb4 9. Qb3 Bf5 10. Rc1 a5 11. Ne5 Nh5 12. a3 Nxf4 13. axb4 axb4 14. exf4 bxc3 15. bxc3 f6 16. Nf3 Ba3 17. Ra1 Re8+ 18. Kd2 Bd6 19. Bd3 Bxf4+ 20. Kc2 Re2+ 21. Kd1 Bxd3 22. Rxa8 Qxa8 23. Qxd5+ Kh8 0-1

[Event "Early-Titled-Tuesday-Blitz-October-24-2023"]
[Site "Chess.com"]
[Date "2023.10.24"]
[Round "8"]
[White "JimDiGrease"]
[Black "DefiantChair"]
[Result "1/2-1/2"]
[WhiteElo "2868"]
[BlackElo "2676"]
[TimeControl "180+1"]
[EndTime "9:23:08 PDT"]
[Termination "Game drawn by repetition"]

1. d4 Nf6 2. c4 e6 3. Bf4 Bb4+ 4. Nd2 O-O 5. a3 Bxd2+ 6. Qxd2 d6 7. e3 b6 8. Bg5 Bb7 9. f3 Nbd7 10. Bd3 h6 11.
Bh4 c5 12. Ne2 Rc8 13. Rd1 Qc7 14. O-O Qb8 15. Bg3 e5 16. d5 b5 17. b3 e4 18.
fxe4 bxc4 19. bxc4 Ng4 20. Rb1 Qc7 21. Nc3 Ba6 22. Nb5 Bxb5 23. Rxb5 Nge5 24. Rfb1 Rb8 25. Be2 a6 26. R5b2 Rxb2 27. Rxb2 Rb8 28. h3 Rxb2 29.
Qxb2 Qa5 30. Bxe5 Nxe5 31. Qb8+ Kh7 32. Qxd6 Qe1+ 33. Kh2 f6 34. Bg4 Nxg4+ 35. hxg4 Qh4+ 36. Kg1 Qe1+ 37. Kh2 Qh4+ 38. Kg1 Qe1+ 39. Kh2 1/2-1/2

[Event "Early-Titled-Tuesday-Blitz-October-24-2023"]
[Site "Chess.com"]
[Date "2023.10.24"]
[Round "8"]
[White "Kildepiotr"]
[Black "Magila31"]
[Result "1-0"]
[WhiteElo "2662"]
[BlackElo "2403"]
[TimeControl "180+1"]
[EndTime "9:23:14 PDT"]
[Termination "Kildepiotr won by resignation"]

1. Nf3 g6 2. g3 Bg7 3. d4 Nf6 4. Bg2 O-O 5. O-O d6 6. Nbd2 Nc6 7. e4 e5 8. dxe5 Nxe5 9. Nxe5 dxe5 10. Qe2 Qe7 11.
Nc4 a5 12. a4 Re8 13. b3 b6 14. Ba3 Qe6 15. Rfd1 Ba6 16. Bf1 Rad8 17. f3 h5 18. Bb2 Nd7 19. Qe1 Nc5 20. Ne3 Bxf1 21. Qxf1 h4 22. Rd5 hxg3 23. hxg3 c6 24. Rxd8 Rxd8 25. Kg2 Rd2+ 26. Kg1 Bh6 27. Ng4 Rxc2 28. Nxh6+ Kg7 29. Ng4 Rxb2 30. Qh3 Rd2 31. Qh6+ Kg8 32. Qxd2 Nxb3 33. Qd8+ Kg7 34. Rd1 Nd4 35. Kg2 Qa2+ 36. Nf2 Qxa4 37. Rh1 1-0

[Event "Early-Titled-Tuesday-Blitz-October-24-2023"]
[Site "Chess.com"]
[Date "2023.10.24"]
[Round "8"]
[White "salomez"]
[Black "pankajfm"]
[Result "1-0"]
[WhiteElo "2347"]
[BlackElo "2173"]
[TimeControl "180+1"]
[EndTime "9:23:22 PDT"]
[Termination "salomez won by resignation"]

1. e4 c5 2. Nf3 d6 3. d4 cxd4 4. Nxd4 Nf6 5. Nc3 a6 6. Bc4 e6 7. a4 Qc7 8. Qe2 Nbd7 9. O-O b6 10.
f4 Bb7 11. f5 Ne5 12. Bd3 Qc5 13.
Be3 Neg4 14. fxe6 fxe6 15. Rxf6 Nxe3 16. Rxe6+ Kd7 17. Qxe3 Be7 18. e5 Bg5 19. Rxd6+ Qxd6 20. Qh3+ Kd8 21. exd6 1-0

[Event "Early-Titled-Tuesday-Blitz-October-24-2023"]
[Site "Chess.com"]
[Date "2023.10.24"]
[Round "8"]
[White "Zhigalko_Sergei"]
[Black "lefonghua"]
[Result "1-0"]
[WhiteElo "2964"]
[BlackElo "2697"]
[TimeControl "180+1"]
[EndTime "9:23:28 PDT"]
[Termination "Zhigalko_Sergei won by resignation"]

1. e4 c5 2. Nf3 g6 3. c3 Nc6 4.
d4 d5 5. exd5 Qxd5 6. Na3 Bg4 7.
Be2 cxd4 8. O-O a6 9. h3 Bxf3 10. Bxf3 Qd8 11. Qa4 Rc8 12. Rd1 Nf6 13. cxd4 Nd5 14.
Qb3 e6 15. Qxb7 Bg7 16. Bxd5 exd5 17. Re1+ Kf8 18. Bg5 Qc7 19. Qxa6 Bxd4 20. Nb5 Qd7 21. Nxd4 Nxd4 22. Qf6 1-0

[Event "Early-Titled-Tuesday-Blitz-October-24-2023"]
[Site "Chess.com"]
[Date "2023.10.24"]
[Round "8"]
[White "SashaKuzhilniy"]
[Black "Ranindu2003"]
[Result "0-1"]
[WhiteElo "2646"]
[BlackElo "2811"]
[TimeControl "180+1"]
[EndTime "9:23:30 PDT"]
[Termination "Ranindu2003 won by resignation"]

1. b3 e5 2. Bb2 Nc6 3. e3 Nf6 4. Bc4 d5 5. Bb5 Bd6 6. Nf3 e4 7. Ne5 O-O 8. Nxc6 bxc6 9. Bxc6 Rb8 10. Nc3 Be5 11. d4 exd3 12. Qxd3 Qd6 13. Ba4 Ba6 14. Qf5 g6 15. Qg5 h6 16. Qxh6 Qb4 17. f3 Bxc3+ 18. Bxc3 Qxc3+ 19. Kf2 Qxc2+ 20. Kg3 Nh5+ 21. Kh3 Qf5+ 22.
Kh4 Rb4+ 23. e4 dxe4 24. g4 exf3 25. h3 f2 26. Qd2 Qf6+ 27. Qg5 Qxg5+ 28. Kxg5 Ng3 0-1

[Event "Early-Titled-Tuesday-Blitz-October-24-2023"]
[Site "Chess.com"]
[Date "2023.10.24"]
[Round "8"]
[White "Cayse"]
[Black "dropstoneDP"]
[Result "0-1"]
[WhiteElo "2880"]
[BlackElo "3093"]
[TimeControl "180+1"]
[EndTime "9:23:35 PDT"]
[Termination "dropstoneDP won by resignation"]

1. e4 e5 2. Nf3 Nf6 3. Nc3 Nc6 4. a4 d5 5. exd5 Nxd5 6. Bb5 Nxc3 7. bxc3 Bd6 8. O-O O-O 9. d4 exd4 10. cxd4 Bg4 11. c3 Qf6 12. a5 Ne7 13. a6 bxa6 14. Rxa6 Nd5 15. Bc4 Nf4 16. Re1 Rae8 17. Rxe8 Rxe8 18. Rxa7 g6 19. Kf1 Qf5 20. Qa4 Qe4 21. Bxf4 Qb1+ 0-1

[Event "Early-Titled-Tuesday-Blitz-October-24-2023"]
[Site "Chess.com"]
[Date "2023.10.24"]
[Round "8"]
[White "Buzhizhebuguai"]
[Black "Casper"]
[Result "1-0"]
[WhiteElo "2619"]
[BlackElo "2453"]
[TimeControl "180+1"]
[EndTime "9:23:39 PDT"]
[Termination "Buzhizhebuguai won on time"]

1. d4 Nf6 2. Bf4 Nh5 3. Bc1 Nf6 4. Nf3 d5 5. Bf4 g6 6. e3 Bg7 7. Be2 c5 8. c3 cxd4 9. exd4 O-O 10. O-O Nc6 11.
h3 a6 12. a4 Bf5 13. Nbd2 Ne4 14. Re1 Nd6 15. Bf1 Qd7 16. Nb3 b6 17. a5 bxa5 18.
Nxa5 Nxa5 19. Rxa5 Nc4 20. Bxc4 dxc4 21. Ne5 Qb7 22. Qa1 Bxe5 23. Raxe5 e6 24. Ra5 Bd3 25. f3 Rfc8 26. Qa3 Rc6 27. d5 exd5 28. Rxd5 Rb6 29. Rde5 Qc6 30. Bh6 Rbb8 31. Qe7 f6 32. Re6 Qb7 33.
Qxf6 Qf7 34. Qe5 1-0

[Event "Early-Titled-Tuesday-Blitz-October-24-2023"]
[Site "Chess.com"]
[Date "2023.10.24"]
[Round "8"]
[White "the_chess_child"]
[Black "carokannlover213"]
[Result "1-0"]
[WhiteElo "2945"]
[BlackElo "2742"]
[TimeControl "180+1"]
[EndTime "9:23:44 PDT"]
[Termination "the_chess_child won by resignation"]

1. e4 c6 2. d3 d5 3. Nd2 g6 4.
Ngf3 Bg7 5. g3 e5 6. Bg2 Ne7 7. O-O O-O 8. b4 a5 9. Bb2 Nd7 10. a3 Re8 11. Re1 Qc7 12. d4 dxe4 13. Nxe4 f5 14.
Neg5 e4 15. Ne6 Qd6 16. Nxg7 Kxg7 17. Nd2 b5 18. Nb3 a4 19. d5+ Kg8 20. Qd4 Ne5 21.
Nd2 Nxd5 22. f4 exf3 23. Nxf3 1-0

[Event "Early-Titled-Tuesday-Blitz-October-24-2023"]
[Site "Chess.com"]
[Date "2023.10.24"]
[Round "8"]
[White "Savagelittlemole"]
[Black "karinachess1"]
[Result "0-1"]
[WhiteElo "2517"]
[BlackElo "2638"]
[TimeControl "180+1"]
[EndTime "9:23:44 PDT"]
[Termination "karinachess1 won by resignation"]

1. e4 e5 2. Nf3 Nc6 3. Bb5 Nf6 4. d3 d6 5. O-O Bd7 6. c3 g6 7. h3 Bg7 8. Be3 O-O 9. Nbd2 Qe8 10. Re1 Kh8 11. Bg5 Nh5 12. Bxc6 Bxc6 13. d4 h6 14. Be3 b6 15. Nh2 f5 16. exf5 gxf5 17.
dxe5 dxe5 18. Bd4 Qg6 19. g3 Nxg3 20. Rxe5 Ne2+ 21. Kf1 Nxd4 22. cxd4 Qg2+ 23. Ke2 Bxe5 24. dxe5 Qxh2 25. Qc1 Bb5+ 26. Nc4 Qxe5+ 27. Kf3 Qe4+ 28. Kg3 Rg8+ 0-1

[Event "Early-Titled-Tuesday-Blitz-October-24-2023"]
[Site "Chess.com"]
[Date "2023.10.24"]
[Round "8"]
[White "gpsji27"]
[Black "SargissyanSargis"]
[Result "1-0"]
[WhiteElo "2303"]
[BlackElo "2389"]
[TimeControl "180+1"]
[EndTime "9:23:47 PDT"]
[Termination "gpsji27 won by resignation"]

1. d4 Nf6 2. Nc3 d5 3. Bf4 a6 4.
e3 e6 5. g4 c5 6. g5 Nfd7 7. h4 Nc6 8. Nf3 b5 9. Bg2 b4 10. Ne2 Nb6 11. c3 Be7 12. O-O O-O 13.
cxb4 Nxb4 14. a3 Nc6 15. dxc5 Nc4 16. b4 a5 17. Ned4 Bd7 18. Bg3 Qc8 19. Nxc6 Bxc6 20. Qe2 Qb7 21. Nd4 Bd7 22. Qxc4 dxc4 23. Bxb7 Rab8 24.
Bxb8 1-0

[Event "Early-Titled-Tuesday-Blitz-October-24-2023"]
[Site "Chess.com"]
[Date "2023.10.24"]
[Round "8"]
[White "JG-17"]
[Black "Wizard_97"]
[Result "0-1"]
[WhiteElo "2485"]
[BlackElo "2617"]
[TimeControl "180+1"]
[EndTime "9:23:48 PDT"]
[Termination "Wizard_97 won by resignation"]

1. e4 c6 2. d4 d5 3. exd5 cxd5 4. Bd3 Nf6 5. c3 g6 6. Nf3 Bg7 7. O-O O-O 8. Ne5 Nc6 9. Bf4 Nh5 10. Nxc6 bxc6 11. Be3 f5 12. f4 Nf6 13. Nd2 Ne4 14. Nf3 Rb8 15. Qc2 Qb6 16. Rab1 Ba6 17. Rfe1 Bxd3 18.
Qxd3 Qb5 19. Qxb5 Rxb5 20. Nd2 Rfb8 21. Nxe4 fxe4 22. b4 a5 23. a4 R5b7 24. Bd2 axb4 25. cxb4 Bxd4+ 26. Kf1 e3 27. Bxe3 Bxe3 28. Rxe3 Rxb4 29.
Rxb4 Rxb4 30. Ra3 Rxf4+ 31. Ke2 Rf8 32. a5 Ra8 33. Kd3 e5 34. Kc3 c5 35. Kb3 Kf7 36. Ka4 Rb8 37. a6 Ke6 38. Ka5 d4 39. a7 Ra8 40. Kb5 Kd5 41. Kb6 e4 42. Ra5 e3 43.
Rxc5+ Ke4 44. Rc7 e2 45. Re7+ Kd3 46. Kc5 Rxa7 0-1

[Event "Early-Titled-Tuesday-Blitz-October-24-2023"]
[Site "Chess.com"]
[Date "2023.10.24"]
[Round "8"]
[White "OparinGrigoriy"]
[Black "vasblesk"]
[Result "1-0"]
[WhiteElo "2979"]
[BlackElo "2764"]
[TimeControl "180+1"]
[EndTime "9:23:49 PDT"]
[Termination "OparinGrigoriy won by resignation"]

1. g3 d5 2. Bg2 Nf6 3. c4 g6 4. cxd5 Nxd5 5. Nc3 Nb6 6. Nf3 Bg7 7. d4 O-O 8. O-O Nc6 9. e3 e5 10. d5 Na5 11. e4 c6 12. Bg5 f6 13. Be3 cxd5 14.
exd5 Nac4 15. Bc5 Nd6 16. Nd2 Rf7 17. Nde4 Nxe4 18. Nxe4 f5 19. Nc3 e4 20. Qb3 Nd7 21.
Be3 Ne5 22. Rfd1 Bd7 23. d6 Qe8 24. Nd5 Be6 25. Qa3 Bxd5 26. Rxd5 Nc4 27. Qb3 Nxe3 28. Qxe3 Bxb2 29. Rad1 Bf6 30. Bf1 Kg7 31. Bc4 Qd8 32. d7 Re7 33. h4 h5 34. Rd6 Re5 35. Qd2 Rb8 36. Rxf6 Qxf6 37. d8=Q Rxd8 38. Qxd8 Qxd8 39. Rxd8 b5 40. Rd7+ Kf8 41. Bf7 Re7 42. Rxe7 Kxe7 43. Bxg6 Ke6 44. Bxh5 a5 45. Be2 b4 46. Bd1 Kf6 47. Kf1 1-0

[Event "Early-Titled-Tuesday-Blitz-October-24-2023"]
[Site "Chess.com"]
[Date "2023.10.24"]
[Round "8"]
[White "MunichMouse"]
[Black "WPWPWP-2015"]
[Result "0-1"]
[WhiteElo "2334"]
[BlackElo "2547"]
[TimeControl "180+1"]
[EndTime "9:23:50 PDT"]
[Termination "WPWPWP-2015 won by checkmate"]

1. d4 Nf6 2. c4 e6 3. Nf3 Bb4+ 4.
Bd2 Bxd2+ 5. Nbxd2 O-O 6. Qc2 c5 7. e3 b6 8. Be2 Nc6 9. O-O Bb7 10. Rad1 Rc8 11. Ne4 Nb4 12. Nxf6+ Qxf6 13. Qb1 cxd4 14. Nxd4 e5 15. Nb5 Qg5 16. e4 Qg6 17. Nd6 Bc6 18.
a3 Na6 19. b4 Nc7 20. Nf5 Rce8 21. b5 Ba8 22. Rxd7 Ne6 23. Bf3 Ng5 24. Qd1 Nxe4 25. Ne7+ Rxe7 26. Rxe7 Nc3 27. Bh5 Qxg2# 0-1

[Event "Early-Titled-Tuesday-Blitz-October-24-2023"]
[Site "Chess.com"]
[Date "2023.10.24"]
[Round "8"]
[White "giomar27"]
[Black "HanSchut"]
[Result "0-1"]
[WhiteElo "2363"]
[BlackElo "2295"]
[TimeControl "180+1"]
[EndTime "9:23:53 PDT"]
[Termination "HanSchut won by checkmate"]

1. e4 c5 2. Nc3 Nc6 3. Nf3 g6 4.
d4 cxd4 5. Nxd4 Bg7 6. Be3 Nf6 7.
Nb3 d6 8. f3 O-O 9. Qd2 Be6 10.
O-O-O Rc8 11. Kb1 a6 12. Be2 Ne5 13. h4 Nc4 14. Bxc4 Rxc4 15. Bh6 Rxc3 16. bxc3 a5 17. h5 a4 18. Nd4 Bc4 19. hxg6 fxg6 20. Bxg7 Kxg7 21.
g4 Rf7 22. Ka1 Qa5 23. Rb1 b5 24. Qg5 Qxc3+ 25. Rb2 Qxd4 26. Qh6+ Kg8 27. Qc1 a3 28. c3 axb2+ 29. Kxb2 Qf2+ 30. Ka1 Qxa2# 0-1

[Event "Early-Titled-Tuesday-Blitz-October-24-2023"]
[Site "Chess.com"]
[Date "2023.10.24"]
[Round "8"]
[White "oggy1984"]
[Black "pinguino120"]
[Result "1-0"]
[WhiteElo "2443"]
[BlackElo "2213"]
[TimeControl "180+1"]
[EndTime "9:23:55 PDT"]
[Termination "oggy1984 won by checkmate"]

1. d4 d5 2. c4 e6 3. Nc3 Nf6 4. cxd5 exd5 5. Bf4 c6 6. e3 Bf5 7. Bd3 Bxd3 8. Qxd3 Bd6 9. Nge2 O-O 10. O-O Bxf4 11.
Nxf4 Qd6 12. Rab1 a5 13. Rfc1 Nbd7 14. Na4 b5 15. Nc5 Nxc5 16. Rxc5 Ne4 17. Rc2 g5 18. Nh3 h6 19. Rbc1 Rac8 20. f3 Nf6 21. Nf2 Kg7 22.
e4 dxe4 23. fxe4 Nd7 24. e5 Qd5 25. Qe4 Qxa2 26. h4 c5 27. hxg5 hxg5 28. d5 Rce8 29. Ng4 f5 30. Qe3 fxg4 31. Qxg5+ Kh8 32. Qh6+ Kg8 33. Qg6+ Kh8 34. g3 Nxe5 35. Rh2# 1-0

[Event "Early-Titled-Tuesday-Blitz-October-24-2023"]
[Site "Chess.com"]
[Date "2023.10.24"]
[Round "8"]
[White "Fan_Of_Chucky"]
[Black "jk13"]
[Result "0-1"]
[WhiteElo "2525"]
[BlackElo "2675"]
[TimeControl "180+1"]
[EndTime "9:23:56 PDT"]
[Termination "jk13 won by checkmate"]

1. d4 Nf6 2. c4 e6 3. Nf3 Bb4+ 4. Bd2 Bxd2+ 5. Nbxd2 O-O 6. g3 d6 7. Bg2 Qe7 8. O-O e5 9. e3 c5 10. dxe5 dxe5 11.
Ng5 h6 12. Nge4 Nbd7 13. Nxf6+ Nxf6 14. Ne4 Rd8 15. Qb3 Nxe4 16. Bxe4 Rb8 17. Rfd1 Be6 18. Rxd8+ Rxd8 19. Bd5 b6 20. Rd1 Bg4 21. Rd2 e4 22.
Qc2 Bf3 23. Qc1 Kf8 24. Bc6 Rd6 25. Rxd6 Qxd6 26. Bd5 Qd7 27. b3 Ke7 28. Qb1 Qf5 29. Qc1 g5 30. Bc6 h5 31. Bd5 h4 32. Qd2 Qf6 33. Qc1 Qe5 34. Qe1 Qb2 35. gxh4 gxh4 36. h3 Qg7+ 37. Kf1 Qg2# 0-1

[Event "Early-Titled-Tuesday-Blitz-October-24-2023"]
[Site "Chess.com"]
[Date "2023.10.24"]
[Round "8"]
[White "OLDTERMINATOR"]
[Black "Verony64"]
[Result "0-1"]
[WhiteElo "1702"]
[BlackElo "2178"]
[TimeControl "180+1"]
[EndTime "9:23:59 PDT"]
[Termination "Verony64 won by resignation"]

1. e4 e5 2. Nf3 d6 3. d4 Nd7 4. Bc4 c6 5. O-O Be7 6. dxe5 dxe5 7. Ng5 Bxg5 8. Qh5 Qe7 9. Bxg5 Ngf6 10. Qh4 O-O 11.
Nc3 h6 12. Be3 b5 13. Bb3 a5 14. a4 b4 15. Ne2 Nc5 16. Bxc5 Qxc5 17. Rad1 Ba6 18. Rfe1 Rad8 19. Ng3 Bc8 20. Nf5 Bxf5 21. exf5 e4 22. g4 Qe5 23. h3 Rxd1 24. Rxd1 e3 25. fxe3 Qxe3+ 26. Qf2 Qxh3 27. Rd4 Nxg4 28. Qg2 Qe3+ 0-1

[Event "Early-Titled-Tuesday-Blitz-October-24-2023"]
[Site "Chess.com"]
[Date "2023.10.24"]
[Round "8"]
[White "abelmat"]
[Black "laiciffOneslraCsungaM"]
[Result "0-1"]
[WhiteElo "2004"]
[BlackElo "2333"]
[TimeControl "180+1"]
[EndTime "9:24:00 PDT"]
[Termination "laiciffOneslraCsungaM won by resignation"]

1. d4 d5 2. c4 e6 3. Nf3 c6 4. e3 f5 5. Nc3 Nd7 6. Bd3 Nh6 7. Ne5 Nxe5 8. dxe5 Ng4 9. f4 g5 10. O-O gxf4 11.
exf4 Bc5+ 12. Kh1 Qh4 13. h3 h5 14. cxd5 Qg3 15. Qxg4 hxg4 16. Ne2 Rxh3+ 0-1

[Event "Early-Titled-Tuesday-Blitz-October-24-2023"]
[Site "Chess.com"]
[Date "2023.10.24"]
[Round "8"]
[White "motivated_bishop"]
[Black "AlexandraSamaganova"]
[Result "1-0"]
[WhiteElo "2535"]
[BlackElo "2332"]
[TimeControl "180+1"]
[EndTime "9:24:06 PDT"]
[Termination "motivated_bishop won on time"]

1. d4 Nf6 2. c4 e6 3. Nc3 Bb4 4. e3 b6 5. Bd3 Bb7 6. Nf3 Bxc3+ 7. bxc3 Ne4 8. O-O f5 9. Qc2 O-O 10. Nd2 Nxd2 11. Bxd2 Nc6 12. f3 Qf6 13. e4 Rae8 14. e5 Qf7 15. f4 Na5 16. Rab1 Ba6 17. c5 Bb7 18. c4 Nc6 19. Bc3 Kh8 20. Rf2 Ba8 21.
cxb6 cxb6 22. d5 exd5 23. cxd5 Qxd5 24. Bxf5 Nd4 25. Bxd4 Qxd4 26. Rd1 Qb4 27. Bxd7 Rd8 28. e6 Be4 29. Qd2 Qe7 30. Qd4 Bg6 31. Qd6 Rxd7 32. exd7 Qxd6 33. Rxd6 Rd8 34. Rc2 1-0

[Event "Early-Titled-Tuesday-Blitz-October-24-2023"]
[Site "Chess.com"]
[Date "2023.10.24"]
[Round "8"]
[White "ama18"]
[Black "leejunhyeok"]
[Result "0-1"]
[WhiteElo "2522"]
[BlackElo "2669"]
[TimeControl "180+1"]
[EndTime "9:24:08 PDT"]
[Termination "leejunhyeok won on time"]

1. e4 c5 2. Nf3 d6 3. d4 cxd4 4. Nxd4 Nf6 5. Nc3 a6 6. Be3 e5 7.
Nf3 Be7 8. h3 Be6 9. Ng5 Nc6 10.
g4 d5 11. exd5 Bxd5 12. Nxd5 Nxd5 13. Ne4 Nxe3 14. Qxd8+ Rxd8 15. fxe3 Nb4 16. Rc1 Nxa2 17. Rd1 Nb4 18. Rxd8+ Kxd8 19. c3 Nc6 20. Bc4 f6 21.
Ke2 Kc7 22. Rd1 h5 23. Be6 Nb8 24. Rg1 hxg4 25. Rxg4 Bf8 26. Rg2 Nc6 0-1

[Event "Early-Titled-Tuesday-Blitz-October-24-2023"]
[Site "Chess.com"]
[Date "2023.10.24"]
[Round "8"]
[White "ozates"]
[Black "masterofpuppets2"]
[Result "1-0"]
[WhiteElo "2729"]
[BlackElo "2543"]
[TimeControl "180+1"]
[EndTime "9:24:09 PDT"]
[Termination "ozates won on time"]

1. e4 c5 2. Nc3 Nc6 3. g3 g6 4. Bg2 Bg7 5. d3 Rb8 6. Be3 d6 7. Nge2 Nd4 8. Qd2 b5 9. Nd1 h5 10. c3 Nc6 11. h3 b4 12. O-O e6 13. f4 Nge7 14. g4 hxg4 15. hxg4 f5 16. exf5 exf5 17.
g5 Be6 18. d4 bxc3 19. Ndxc3 d5 20. Na4 c4 21. Nc5 Bf7 22. Nc3 Qb6 23. N5a4 Qa5 24. Rae1 Kf8 25. Bf2 Kg8 26. Re2 Nc8 27. Nc5 Nd6 28. Nxd5 Qxd2 29. Rxd2 Nb4 30. Nc3 1-0

[Event "Early-Titled-Tuesday-Blitz-October-24-2023"]
[Site "Chess.com"]
[Date "2023.10.24"]
[Round "8"]
[White "matenitian"]
[Black "viktorgen2021"]
[Result "0-1"]
[WhiteElo "2567"]
[BlackElo "2449"]
[TimeControl "180+1"]
[EndTime "9:24:09 PDT"]
[Termination "viktorgen2021 won on time"]

1. e4 g6 2. d4 Bg7 3. Nc3 d6 4.
Nf3 Nf6 5. Bc4 O-O 6. Bb3 c6 7. O-O b5 8. a3 Nbd7 9. Re1 e5 10. Bg5 Qc7 11. Qd3 exd4 12. Qxd4 c5 13. Nxb5 Qc6 14.
Qa4 Nb6 15. Qa5 c4 16. Nbd4 Qb7 17. Ba2 Nxe4 18. Bf4 d5 19. Nb5 Bg4 20. Nfd4 a6 21. Rxe4 axb5 22. Qxb5 dxe4 23. c3 Bd7 24. Qg5 Nd5 25.
Bxc4 Nxf4 26. Qxf4 Qxb2 27. Rf1 Qxc3 0-1

[Event "Early-Titled-Tuesday-Blitz-October-24-2023"]
[Site "Chess.com"]
[Date "2023.10.24"]
[Round "8"]
[White "Sanyura"]
[Black "KorolDimitriy75"]
[Result "1-0"]
[WhiteElo "2590"]
[BlackElo "2356"]
[TimeControl "180+1"]
[EndTime "9:24:10 PDT"]
[Termination "Sanyura won by resignation"]

1. Nf3 c5 2. g3 g6 3. Bg2 Bg7 4. O-O Nc6 5. d3 e5 6. Nbd2 Nge7 7. e4 O-O 8. Nh4 d6 9. f4 f5 10. fxe5 dxe5 11. exf5 Nxf5 12. Nxf5 Bxf5 13. Ne4 Qd7 14. Be3 b6 15. Qd2 Bh3 16. Bh6 Bxg2 17. Kxg2 Nd4 18. Bxg7 Kxg7 19. Qg5 Nf5 20. Rae1 h6 21. Qd2 Rae8 22.
Rf2 Rf7 23. Ref1 Qd4 24. c3 Ne3+ 25. Qxe3 Qxe3 26. Rxf7+ Kg8 27. Nf6+ Kxf7 28. Ng4+ Kg7 29. Nxe3 Rd8 30. Rd1 1-0

[Event "Early-Titled-Tuesday-Blitz-October-24-2023"]
[Site "Chess.com"]
[Date "2023.10.24"]
[Round "8"]
[White "milovichalex"]
[Black "tusplingher"]
[Result "0-1"]
[WhiteElo "2321"]
[BlackElo "2501"]
[TimeControl "180+1"]
[EndTime "9:24:12 PDT"]
[Termination "tusplingher won by checkmate"]

1. e4 d5 2. exd5 Nf6 3. d4 Bg4 4. Be2 Bxe2 5. Qxe2 Qxd5 6. Nf3 Nc6 7. c3 e6 8. O-O Bd6 9. Re1 O-O 10. Bg5 Ng4 11. h3 Nh2 12. Nbd2 h6 13. Nxh2 Qxg5 14. Ne4 Bxh2+ 15. Kxh2 Qf4+ 16. g3 Qf5 17. f4 Rad8 18. Qf3 Qd5 19. Kg2 Ne7 20. a4 Nf5 21. a5 a6 22. Nc5 Qc4 23. b3 Qb5 24. Qxb7 Qe8 25. Nxa6 g5 26. Qf3 gxf4 27. Qxf4 Qc6+ 28. Kh2 Qxa6 29.
g4 Ng7 30. Qxh6 Qd3 31. Re3 Qd2+ 32. Kg3 f5 33. g5 f4+ 34. Kh4 Qxe3 35. g6 Qg3# 0-1

[Event "Early-Titled-Tuesday-Blitz-October-24-2023"]
[Site "Chess.com"]
[Date "2023.10.24"]
[Round "8"]
[White "Sokoloco"]
[Black "Rud_Makarian"]
[Result "0-1"]
[WhiteElo "2751"]
[BlackElo "2977"]
[TimeControl "180+1"]
[EndTime "9:24:13 PDT"]
[Termination "Rud_Makarian won by resignation"]

1. b3 d5 2. Bb2 Bg4 3. h3 Bh5 4. Nf3 Bxf3 5. exf3 Nf6 6. g3 g6 7. Bg2 Bg7 8. O-O O-O 9. f4 c5 10. c4 e6 11. cxd5 Nxd5 12. Bxg7 Kxg7 13. d4 Qf6 14. Bxd5 exd5 15. Nc3 Rd8 16. Ne2 Nc6 17. dxc5 d4 18. Qd3 Nb4 19. Qc4 d3 20. Qxb4 dxe2 21. Rfe1 Qb2 22. Qe4 Rd2 23. Kg2 Rad8 24. Qe5+ Qxe5 25. fxe5 Rd1 26. e6 fxe6 27. c6 bxc6 0-1

[Event "Early-Titled-Tuesday-Blitz-October-24-2023"]
[Site "Chess.com"]
[Date "2023.10.24"]
[Round "8"]
[White "Predator0608"]
[Black "alexrustemov"]
[Result "0-1"]
[WhiteElo "2545"]
[BlackElo "2780"]
[TimeControl "180+1"]
[EndTime "9:24:13 PDT"]
[Termination "alexrustemov won by resignation"]

1. e4 e6 2. d4 d5 3. Nd2 dxe4 4. Nxe4 Bd7 5. Nf3 Bc6 6. Bd3 Nd7 7. c3 Ngf6 8. Nxf6+ Nxf6 9. O-O Bxf3 10. Qxf3 Qd5 11. Qg3 Bd6 12. Qh4 Qh5 13. Qxh5 Nxh5 14. Be4 c6 15. f4 Nf6 16. Bf3 h5 17. g3 g6 18. Kf2 Ng4+ 19. Kg2 Nh6 20. Bd2 Rd8 21. h3 Nf5 22. Kf2 Kd7 23. Be3 g5 24. Be4 Nxe3 25.
Kxe3 f5 26. Bc2 h4 27. fxg5 hxg3 28. Rh1 Rh4 29. Kf3 Rg8 30. Rag1 Rxg5 31. Rg2 Rgh5 32.
a4 Rxh3 33. Rxh3 Rxh3 34. Bb3 a5 35. Re2 Rh6 36. c4 c5 37. d5 e5 38. Bc2 e4+ 39. Kg2 Rh2+ 40. Kf1 Rxe2 41. Kxe2 Ke7 42. Kf1 Kf6 43.
Kg2 Kg5 0-1

[Event "Early-Titled-Tuesday-Blitz-October-24-2023"]
[Site "Chess.com"]
[Date "2023.10.24"]
[Round "8"]
[White "zajka-molotok"]
[Black "ExcitingTrap"]
[Result "0-1"]
[WhiteElo "2541"]
[BlackElo "2404"]
[TimeControl "180+1"]
[EndTime "9:24:14 PDT"]
[Termination "ExcitingTrap won by resignation"]

1. e4 e5 2. Nf3 Nc6 3. Nc3 Nf6 4.
Bb5 Bb4 5. O-O O-O 6. Bxc6 dxc6 7. d3 Qe7 8. Ne2 Nh5 9. Ng3 Nxg3 10. fxg3 Bc5+ 11.
Kh1 f6 12. Qe2 Bg4 13. h3 Bh5 14. g4 Bg6 15. Be3 Kh8 16. Nh4 Rad8 17. Rf3 Bxe3 18. Qxe3 Qb4 19. b3 Qd4 20. Raf1 Qxe3 21. Rxe3 Rfe8 22.
g5 Re6 23. Ref3 Rdd6 24. g4 Kg8 25. Kg2 Kf7 26. Kg3 Ke8 27. Nf5 Bxf5 28. Rxf5 fxg5 29. Rxg5 g6 30. h4 h6 31. h5 hxg5 32. h6 Re7 0-1

[Event "Early-Titled-Tuesday-Blitz-October-24-2023"]
[Site "Chess.com"]
[Date "2023.10.24"]
[Round "8"]
[White "Sharan_Rao"]
[Black "ssgm49"]
[Result "1-0"]
[WhiteElo "2597"]
[BlackElo "1829"]
[TimeControl "180+1"]
[EndTime "9:24:17 PDT"]
[Termination "Sharan_Rao won on time"]

1. d4 Nf6 2. Nf3 e6 3. b3 b6 4. Bb2 c5 5. e3 Nc6 6. Be2 Be7 7. O-O O-O 8. c4 cxd4 9. Nxd4 Bb7 10. Nd2 Nxd4 11.
Bxd4 Rc8 12. Rc1 Ba3 13. Rc2 Qe7 14. Bf3 d5 15. Qa1 Rfd8 16. Bb2 Bxb2 17. Qxb2 dxc4 18. Bxb7 Qxb7 19. Nxc4 b5 20. Na5 Qd7 21. Rxc8 Rxc8 22. h3 Qc7 23. b4 Nd5 24. a3 Qc3 25. Qa2 Qd3 26. Qa1 Rc3 27. Rc1 Rxc1+ 28. Qxc1 h6 29.
Nc6 Nc3 30. Kh1 Ne4 31. Kg1 Nc3 32. Qf1 Qd2 33. Nxa7 Ne2+ 34. Kh1 1-0

[Event "Early-Titled-Tuesday-Blitz-October-24-2023"]
[Site "Chess.com"]
[Date "2023.10.24"]
[Round "8"]
[White "dimitrisl"]
[Black "OK97"]
[Result "1-0"]
[WhiteElo "2576"]
[BlackElo "2752"]
[TimeControl "180+1"]
[EndTime "9:24:19 PDT"]
[Termination "dimitrisl won by resignation"]

1. e4 c5 2. Nf3 d6 3. d4 cxd4 4. Nxd4 Nf6 5. Nc3 Nc6 6. Nb3 g6 7. Be3 Bg7 8. f3 O-O 9. Qd2 Be6 10. O-O-O a5 11. g4 a4 12. Nd4 a3 13. b3 Nxd4 14. Bxd4 Qa5 15. Kb1 Rfc8 16. Ne2 Qxd2 17. Rxd2 Nd7 18.
Bxg7 Kxg7 19. Nd4 Ne5 20. h4 h6 21. c4 Bd7 22. h5 g5 23. Be2 Ra5 24. Rc1 f6 25.
Nc2 Kf7 26. Ne3 Rac5 27. Rdc2 Nc6 28. Rd1 Nb4 29. Rcd2 b5 30. cxb5 Bxb5 31. Bxb5 Rxb5 32. Nc4 Ra8 33. Rc1 Ke6 34. Ne3 Ra7 35. Nf5 Na6 36.
Nd4+ Ke5 37. Nxb5 1-0